 Dungeon Crawl Stone Soup version 0.27.1-33-g824d729ab1 (console) character file.

Game seed: 1742347851857770991

133 Banquo the Cutter (level 5, -3/39 HPs)
             Began as a Djinni Gladiator on Dec 15, 2021.
             Slain by an iguana (9 damage)
             ... on level 4 of the Dungeon.
             The game lasted 00:09:24 (3402 turns).

Banquo the Cutter (Djinni Gladiator)                Turns: 3402, Time: 00:09:25

Health: -3/39      AC:  4    Str: 13    XL:     5   Next: 39%
Gold:   111        EV: 12    Int: 11    God:
                   SH:  0    Dex: 14

rFire    + + .     SeeInvis .   b - +3 whip (elec)
rCold    x . .     Faith    .   (no shield)
rNeg     . . .     Spirit   .   v - +0 leather armour
rPois    ∞         Reflect  .   c - +0 helmet
rElec    .         Harm     .   (no cloak)
rCorr    .         Rampage  .   (no gloves)
Will     .....                  (boots unavailable)
Stlth    +.........             h - amulet of the acrobat
HPRegen  0.13/turn              (no ring)
MPRegen  0.00/turn              (no ring)

@: flying
A: sickness immunity, fire resistance 2, cold vulnerability 1, float, innate
caster, hp casting, extra vitality 1
a: no special abilities


You were on level 4 of the Dungeon.
You visited 1 branch of the dungeon, and saw 4 of its levels.

You collected 111 gold pieces.

Inventory:

Hand Weapons
 a - a +0 rapier
 b - a +3 whip of electrocution (weapon)
 p - a +0 rapier
 t - a +0 spear
 w - a +0 war axe
Missiles
 d - 3 throwing nets
 e - 31 sling bullets
 f - 4 javelins
 i - 4 curare-tipped darts
 k - 54 stones
 q - 41 bolts
 u - 5 poisoned darts (quivered)
Armour
 c - a +0 helmet (worn)
 v - a +0 leather armour (worn)
Jewellery
 h - an amulet of the acrobat (around neck)
 n - an amulet of reflection
Scrolls
 o - a scroll of vulnerability
 r - a scroll of fear
Potions
 g - 2 potions of attraction
 m - 2 potions of might
 s - 2 potions of flight {unknown}


   Skills:
 + Level 2.6 Fighting
 - Level 4.4 Short Blades
 - Level 1.5 Throwing
 - Level 3.2 Dodging
 * Level 1.4 Spellcasting


You had 3 spell levels left.
You knew the following spells:

 Your Spells              Type           Power      Damage    Failure   Level
a - Animate Skeleton      Necr           6%         N/A       22%         1
b - Slow                  Hex            3%         N/A       32%         2
Your spell library was empty.

Dungeon Overview and Level Annotations

Branches:
Dungeon (4/15)
 Temple: D:4-7

Altars:
Cheibriados
The Shining One

Shops:
D:1 *   D:3 [


Innate Abilities, Weirdness & Mutations

You are immune to sickness and miasma.
You are immune to poison.
Your flesh is very heat resistant. (rF++)
You are vulnerable to cold. (rC-)
You float through the air rather than walking.
You learn spells naturally, not from books.
Your magical power is your life essence.
You have superior vitality. (+4 HP)


Message History

You see here a +0 whip.
You see here a +0 ring mail.
There is a stone staircase leading down here.
You start waiting.
You feel your willpower return.
You fly downwards.
Found an escape hatch in the ceiling.
There is a stone staircase leading up here.
Found a scroll of identify.
An iguana comes into view.
The iguana hisses angrily.
There is an escape hatch in the ceiling here.
There are no items here.
The adder misses you.
The adder falls through a shaft!
The shaft crumbles and collapses.
There is a stone staircase leading up here.
You hit the iguana.
The iguana is lightly wounded.
The iguana bites you. The iguana bites you!
You whack the iguana!
The iguana is severely wounded.
The iguana bites you.
You barely miss the iguana.
The iguana is severely wounded.
The iguana bites you but does no damage.
You hit the iguana.
The iguana is severely wounded.
The iguana bites you!
* * * LOW HITPOINT WARNING * * *
You barely miss the iguana.
The iguana is severely wounded.
The iguana closely misses you.
You hit the iguana but do no damage.
The iguana is severely wounded.
The iguana bites you.
* * * LOW HITPOINT WARNING * * *
You barely miss the iguana.
The iguana is severely wounded.
The iguana bites you!
You die...

..#. #.........# ...
#.##....##
....##<#......#
#...........###
##............#
................#
#..#..##.....#..#######
#..#.# #.....##.......#
...... #...l@##.....<.#
#..#.# #..#####.......#
.. #..# #.......# .....
..........# .....#
###.......# ......
#.......# ....
#.......# #.......#


You could see an iguana.

Vanquished Creatures
  An iguana (D:2)
  3 gnolls (D:3)
  2 dart slugs
  4 endoplasms
  2 giant cockroaches (D:3)
  2 goblins (D:1)
  2 hobgoblins (D:1)
  4 jackals (D:1)
  2 quokkas (D:1)
  7 ball pythons
  5 bats
  3 frilled lizards (D:1)
  9 kobolds
  4 rats
50 creatures vanquished.

Vanquished Creatures (collateral kills)
  An iron imp (D:3)
1 creature vanquished.

Grand Total: 51 creatures vanquished

Notes
Turn   | Place    | Note
-------+----------+-------------------------------------------
     0 | D:1      | Banquo the Djinni Gladiator began the quest for the Orb.
     0 | D:1      | Reached XP level 1. HP: 18/18 MP: 0/0
   240 | D:1      | Reached XP level 2. HP: 21/23 MP: 0/0
   277 | D:1      | Reached skill level 3 in Short Blades
   584 | D:1      | Reached XP level 3. HP: 28/28 MP: 0/0
   584 | D:1      | Learned a level 1 spell: Animate Skeleton
   632 | D:1      | Found Ytreg's General Store.
  1163 | D:2      | Found a faded altar of an unknown god.
  1409 | D:2      | Found a glowing golden altar of the Shining One.
  1755 | D:3      | Reached skill level 1 in Spellcasting
  1755 | D:3      | Reached XP level 4. HP: 34/34 MP: 0/0
  1778 | D:3      | Found Laubil's Armour Emporium.
  1910 | D:3      | Found a snail-covered altar of Cheibriados.
  1982 | D:3      | HP: 1/34 [iguana (11)]
  2315 | D:2      | Found a glowing golden altar of the Shining One.
  2336 | D:2      | Reached skill level 4 in Short Blades
  2420 | D:2      | Reached XP level 5. HP: 21/39 MP: 0/0
  2420 | D:2      | Learned a level 2 spell: Slow
  2599 | D:2      | Found a faded altar of an unknown god.
  3287 | D:4      | Noticed an ogre
  3402 | D:4      | Slain by an iguana

Illustrated notes

Levels and vault maps discovered:
D:1:      matt_arrival_spirals, layout_loops_ring, serial_shops,
          nicolae_shop_crystal
D:2:      layout_rooms, shapermc_ecumenical_altar_rom_forum, basic_altar
D:3:      layout_rooms, slow_altar_1, serial_shops, shop
D:4:      minmay_door_path, layout_rooms, uniq_grinder

Skill      XL: |  1  2  3  4 |
---------------+-------------+-----
Short Blades   | 3 4 |  4.4
Spellcasting   | 1 |  1.4
Fighting       | |  2.6
Throwing       | |  1.5
Dodging        | |  3.2

Action                   |  1- 3 |  4- 6 || total
-------------------------+-------+-------++-------
Melee: Rapier            |   104 |    71 ||   175
       Whip              |       |     7 ||     7
Throw: Dart              |       |     3 ||     3
 Cast: Animate Skeleton  |       |     2 ||     2
       Slow              |       |     1 ||     1
  Use: Scroll            |       |     5 ||     5
 Stab: Sleeping          |     1 |       ||     1
Armor: Leather armour    |    30 |    20 ||    50
Dodge: Dodged            |    79 |    74 ||   153
